 Dungeon Crawl Stone Soup version 0.29-a0-613-gf2c431b9b9 (webtiles) character file.

Game seed: 1411161338624846989

6 DocClef the Skirmisher (level 1, 0/20 HPs)
             Began as a Draconian Fighter on June 16, 2022.
             Slain by a bat (1 damage)
             ... on level 1 of the Dungeon.
             The game lasted 00:00:27 (641 turns).

DocClef the Skirmisher (Draconian Fighter)           Turns: 641, Time: 00:00:28

Health: 0/20       AC:  4    Str: 18    XL:     1   Next: 75%
Magic:  1/1        EV: 11    Int:  8    God:
Gold:   9          SH:  4    Dex: 10    Spells: 0/0 levels left

rFire   . . .      SeeInvis .   a - +0 war axe
rCold   . . .      Faith    .   b - +0 buckler
rNeg    . . .      Spirit   .   (body armour unavailable)
rPois   .          Reflect  .   (helmet restricted)
rElec   .          Harm     .   (no cloak)
rCorr   .          Rampage  .   (no gloves)
Will    .....                   (no boots)
Stlth   +.........              (no amulet)
HPRegen 0.06/turn               (no ring)
MPRegen 0.07/turn               (no ring)

@: no status effects
A: AC +4, unfitting armour, cold-blooded
a: no special abilities


You were on level 1 of the Dungeon.
You visited 1 branch of the dungeon, and saw 1 of its levels.

You collected 9 gold pieces.

Inventory:

Hand Weapons
 a - a +0 war axe (weapon)
Armour
 b - a +0 buckler (worn)
Potions
 c - a potion of might
 d - a potion of curing {unknown}


   Skills:
 + Level 3.8 Fighting
 - Level 2.0 Axes
 - Level 2.6 Dodging
 - Level 3.0 Shields


You couldn't memorise any spells.
You didn't know any spells.
Your spell library was empty.

Dungeon Overview and Level Annotations

Branches:
Dungeon (1/15)

Altars:


Innate Abilities, Weirdness & Mutations

Your plain brown scales are hard. (AC +4)
You cannot fit into any form of body armour.
You are cold-blooded and may be slowed by cold attacks.


Message History

You block the bat's attack. The bat closely misses you.
You block the bat's attack. The bat barely misses you. The bat misses you.
You block the bat's attack. The bat hits you but does no damage.
The bat barely misses you. The bat hits you but does no damage.
The bat hits you but does no damage. The bat hits you but does no damage.
The bat hits you but does no damage. The bat hits you but does no damage. x2
The bat hits you but does no damage. The bat hits you but does no damage.
The bat hits you but does no damage. The bat closely misses you.
The bat barely misses you. The bat closely misses you.
The bat barely misses you. You block the bat's attack.
The bat closely misses you. The bat hits you but does no damage.
The bat barely misses you. You block the bat's attack.
The bat closely misses you. The bat closely misses you.
You block the bat's attack. The bat hits you but does no damage.
The bat completely misses you. The bat closely misses you.
You block the bat's attack. The bat hits you but does no damage.
The bat hits you but does no damage. The bat hits you but does no damage.
The bat closely misses you. The bat hits you.
* * * LOW HITPOINT WARNING * * *
The bat hits you but does no damage. The bat completely misses you.
The bat hits you but does no damage. The bat barely misses you.
The bat hits you.
* * * LOW HITPOINT WARNING * * *
The bat hits you but does no damage. The bat hits you but does no damage.
The bat hits you.
You die...

##########....# .....
#.............####......
.......####.............
.......####...........#
.......+..............#
.......##.............#
.......##...........[.#
.......##......÷b.....#
.......##....##.@######
.......##...............
.......##....##..#######
.......##....###.#
...... #.### #.# ......
#. #.> ##### ##. .#


You could see a bat.

Vanquished Creatures
  A giant cockroach (D:1)
  2 hobgoblins (D:1)
  A quokka (D:1)
  A rat (D:1)
5 creatures vanquished.

Notes
Turn   | Place    | Note
-------+----------+-------------------------------------------
     0 | D:1      | DocClef the Draconian Fighter began the quest for the Orb.
     0 | D:1      | Reached XP level 1. HP: 19/19 MP: 1/1
   586 | D:1      | HP: 1/20 [bat (1)]
   603 | D:1      | HP: 1/20 [bat (1)]
   638 | D:1      | HP: 1/20 [bat (1)]
   641 | D:1      | Slain by a bat

Illustrated notes

Levels and vault maps discovered:
D:1:      minmay_arrival_nine_rooms, layout_basic

Action                   || total
-------------------------++-------
Melee: War axe           ||    16
       Tailslap          ||     1
Armor: Skin              ||   151
Dodge: Dodged            ||   212
Block: Buckler           ||    86

Table legend: (Time is in decaauts)
 A = Elapsed time spent in this place.
 B = Non-inter-level travel time spent in this place.
 C = Inter-level travel time spent in this place.
 D = Time resting spent in this place.
 E = Time spent auto-exploring this place.
 F = Levels seen in this place.
 G = Mean time per level.
                   A        B        C        D        E       F      G
               +--------+--------+--------+--------+--------+-----+--------+
         Total |    648 |    648 |      0 |     96 |     95 |   1 |  648.0 |
       Dungeon |    648 |    648 |      0 |     96 |     95 |   1 |  648.0 |
               +--------+--------+--------+--------+--------+-----+--------+

Top non-repeatable levels by time:
     D:1: 648 daAuts
